 Dungeon Crawl Stone Soup version 0.28.0-45-g0d030f2227 (webtiles) character file.

Game seed: 7421708095197954032

51 Icepheonix32 the Firebug (level 3, -1/19 HPs)
             Began as a Tengu Fire Elementalist on Apr 16, 2022.
             Succumbed to a scorpion's poison
             ... on level 2 of the Dungeon.
             The game lasted 00:02:16 (2192 turns).

Icepheonix32 the Firebug (Tengu Fire Elementalist)  Turns: 2192, Time: 00:02:16

Health: -1/19      AC:  2    Str:  8    XL:     3   Next: 81%
Magic:  4/7        EV: 12    Int: 17    God:
Gold:   55         SH:  0    Dex: 14    Spells: 5/6 levels left

rFire   . . .      SeeInvis .   e - +0 short sword
rCold   . . .      Faith    .   (no shield)
rNeg    . . .      Spirit   .   a - +0 robe
rPois   .          Reflect  .   (helmet restricted)
rElec   .          Harm     .   (no cloak)
rCorr   .          Rampage  .   (no gloves)
Will    .....                   (boots unavailable)
Stlth   ++........              (no amulet)
HPRegen 0.06/turn               (no ring)
MPRegen 0.10/turn               (no ring)

@: lethally poisoned (-1 -> -11)
A: beak, talons 3
a: no special abilities


You were on level 2 of the Dungeon.
You visited 1 branch of the dungeon, and saw 2 of its levels.

You collected 55 gold pieces.

Inventory:

Hand Weapons
 b - a +0 whip
 e - a +0 short sword (weapon)
Missiles
 f - 5 javelins
Armour
 a - a +0 robe (worn)
 d - a +0 ring mail
Scrolls
 c - 2 scrolls of identify {unknown}


   Skills:
 * Level 0.7 Armour
 + Level 2.3 Dodging
 - Level 2.0 Stealth
 - Level 2.0 Spellcasting
 + Level 2.2 Conjurations
 + Level 4.6 Fire Magic


You had 5 spell levels left.
You knew the following spells:

 Your Spells              Type           Power      Damage    Failure   Level
a - Foxfire               Conj/Fire      52%        2x1d6     4%          1

Your spell library contained the following spells:

 Spells                   Type           Power      Damage    Failure   Level
 Scorch                   Fire           34%        2d6       4%          2
 Conjure Flame            Conj/Fire      13%        6-21      14%         3
 Inner Flame              Hex/Fire       9%         N/A       22%         3
 Flame Wave               Conj/Fire      13%        2d6       43%         4


Dungeon Overview and Level Annotations

Branches:
Dungeon (2/15)

Altars:


Innate Abilities, Weirdness & Mutations

You have a beak for a mouth.
You have claws for feet.


Message History

You conjure some foxfire!
You hit the scorpion but do no damage.
You claw the scorpion, but do no damage.
The foxfire hits the scorpion but does no damage.
The foxfire hits the scorpion.
The scorpion is lightly wounded.
The scorpion stings you.
Unknown command.
The scorpion closely misses you. The scorpion barely misses you.
The scorpion barely misses you.
Casting: Foxfire (safe; 4% risk of failure)
Confirm with . or Enter, or press ? or * to list all spells.
You conjure some foxfire!
The scorpion barely misses you.
Casting: Foxfire (safe; 4% risk of failure)
Confirm with . or Enter, or press ? or * to list all spells.
You conjure some foxfire!
The foxfire hits the scorpion but does no damage.
The scorpion is lightly wounded.
The foxfire hits the scorpion but does no damage.
The scorpion is lightly wounded.
The scorpion stings you!
You are lethally poisoned!
The scorpion poisons you! The scorpion stings you.
* * * LOW HITPOINT WARNING * * *
You aren't carrying any potions.
Casting: Foxfire (safe; 4% risk of failure)
Confirm with . or Enter, or press ? or * to list all spells.
You conjure some foxfire!
* * * LOW HITPOINT WARNING * * *
You feel very sick.
The foxfire hits the scorpion.
The scorpion is moderately wounded.
The foxfire hits the scorpion.
The scorpion is heavily wounded.
The scorpion barely misses you.
Unknown command.
You hit the scorpion but do no damage. Your kick misses the scorpion.
The scorpion is heavily wounded.
You die...

#.# #.# #..# .# .#
#.# #..# .### #.#
##..##..>. #.#
#......... #.#
#...###### #.# #...#
##.## #...######
#.§v#######.........
#.§@s.......#.......
#.v.################
#####


You could see a scorpion (ally target).

Vanquished Creatures
  An adder (D:2)
  A worm (D:2)
  A dart slug (D:1)
  2 ball pythons
  6 endoplasms
  A giant cockroach (D:1)
  3 goblins
  3 hobgoblins
  2 jackals (D:1)
  5 kobolds (D:1)
  3 bats
  6 rats
34 creatures vanquished.

Vanquished Creatures (others)
  99 foxfires
99 creatures vanquished.

Grand Total: 133 creatures vanquished

Notes
Turn   | Place    | Note
-------+----------+-------------------------------------------
     0 | D:1      | Icepheonix32 the Tengu Fire Elementalist began the quest
                  | for the Orb.
     0 | D:1      | Reached XP level 1. HP: 10/10 MP: 4/4
   197 | D:1      | Reached XP level 2. HP: 2/15 MP: 3/6
   526 | D:1      | Reached skill level 4 in Fire Magic
   932 | D:1      | Reached XP level 3. HP: 9/19 MP: 1/7
  1629 | D:1      | Found a faded altar of an unknown god.
  1762 | D:2      | Noticed an ogre
  2170 | D:2      | Noticed a scorpion
  2192 | D:2      | Succumbed to a scorpion's poison

Illustrated notes

Levels and vault maps discovered:
D:1:      minmay_arrival_glassed_features, layout_basic,
          shapermc_ecumenical_altar_petra, chequers_serial_rivers_room_a
D:2:      layout_loops_ring, minmay_misc_feat_tower, uniq_crazy_yiuf_cottage

Skill      XL: |  1  2  3 |
---------------+----------+-----
Fire Magic     | 4 |  4.6
Conjurations   | 2 |  2.2
Armour         | |  0.7
Dodging        | |  2.3
Stealth        | |  2.0
Spellcasting   | |  2.0

Action                   || total
-------------------------++-------
Melee: Whip              ||    15
       Kick              ||     8
       Peck              ||     2
       Short sword       ||     7
 Cast: Foxfire           ||    64
 Stab: Sleeping          ||     1
Armor: Robe              ||     7
Dodge: Dodged            ||    22
